 Dungeon Crawl Stone Soup version 0.31-a0-232-gb1c03b2570 (webtiles) character file.

Game seed: 1037311783793943557

689 nono the Sneak (level 7, -1/49 (57) HPs)
             Began as a Formicid Delver on July 7, 2023.
             Slain by a water moccasin (7 damage)
             ... on level 6 of the Dungeon.
             The game lasted 00:09:37 (4481 turns).

nono the Sneak (Formicid Delver)                    Turns: 4481, Time: 00:09:39

HP:   -1/49 (57)    AC:  9    Str: 18    XL:     7   Next: 95%
MP:   7/7           EV:  8    Int: 10    God:
Gold: 93            SH:  5    Dex: 15    Spells: 6/6 levels left

rFire   . . .        t - +0 war axe
rCold   . . .        q - +0 buckler
rNeg    . . .        d - +0 chain mail
rPois   .            (helmet unavailable)
rElec   .            (no cloak)
rCorr   .            (no gloves)
SInv    +            (no boots)
Will    .....        (no amulet)
Stlth   +            (no ring)
HPRegen 0.28/turn    (no ring)
MPRegen 0.10/turn

%: no passive effects
@: lethally poisoned (-1 -> -18), heavily drained
A: permanent stasis, dig shafts and tunnels, antennae 3, four strong arms
a: Dig, Shaft Self


You were on level 6 of the Dungeon.
You visited 1 branch of the dungeon, and saw 6 of its levels.

You collected 271 gold pieces.
You spent 178 gold pieces at shops.

Inventory:

Hand Weapons
 a - a +0 hand axe
 t - a +0 war axe (weapon)
Missiles
 x - a throwing net
Armour
 b - a +0 leather armour
 d - a +0 chain mail (worn)
 q - a +0 buckler (worn)
Jewellery
 r - a ring of ice
Wands
 f - a wand of digging (3)
 n - a wand of charming (8)
Scrolls
 c - a scroll of fog
 e - a scroll of fear
 g - a scroll of butterflies {unknown}
 h - 3 scrolls of blinking {unknown}
 k - a scroll of acquirement {unknown}
 l - 6 scrolls of teleportation {unknown}
 m - a scroll of amnesia {unknown}
 o - 2 scrolls of enchant armour {unknown}
 p - 2 scrolls of vulnerability {unknown}
 s - a scroll of poison {unknown}
Potions
 i - 2 potions of brilliance
 j - 3 potions of lignification
 u - 2 potions of enlightenment {unknown}
 v - 2 potions of haste
 w - a potion of mutation {unknown}
 z - a potion of invisibility {unknown}
 A - a potion of ambrosia {unknown}
 B - 2 potions of curing


   Skills:
 + Level 5.7 Fighting
 + Level 4.6 Axes
 + Level 4.2 Armour
 - Level 1.8 Dodging
 - Level 6.0 Stealth
 + Level 4.1 Shields


You had 6 spell levels left.
You didn't know any spells.
Your spell library contained the following spells:

 Spells                   Type           Power      Damage    Failure   Level
 Magic Dart               Conj           0%         1d3       99%         1
 Call Imp                 Summ           0%         N/A       100%        2
 Static Discharge         Conj/Air       0%         2-2/arc   100%        2
 Mephitic Cloud           Conj/Pois/Air  0%         N/A       100%        3
 Airstrike                Air            0%         2d(0-16)  100%        4
 Anguish                  Hex/Necr       0%         N/A       100%        4
 Cause Fear               Hex            0%         N/A       100%        4
 Summon Lightning Spire   Summ/Air       0%         N/A       100%        4
 Alistair's Intoxication  Tmut/Pois      0%         N/A       100%        5
 Borgnjor's Vile Clutch   Necr/Erth      0%         N/A       100%        5
 Eringya's Noxious Bog    Tmut/Pois      0%         4d6       100%        6
 Enfeeble                 Hex            0%         N/A       100%        7


Dungeon Overview and Level Annotations

Branches:
Dungeon (6/15)
 Temple: D:4-7

Altars:
Elyvilon

Shops:
D:1 ?   D:5 *

Annotations:
D:5 1 runed translucent door, jt's ghost, weakling VSDe
D:6 Edmund


Innate Abilities, Weirdness & Mutations

You cannot be hasted, slowed, berserked, paralysed or teleported.
You can dig through walls and to a lower floor.
You have a pair of large antennae on your head. (SInv)
Your four strong arms can wield two-handed weapons with a shield.


Message History

You are no longer poisoned.
The water moccasin bites you. The water moccasin closely misses you.
You miss the water moccasin.
The water moccasin is moderately wounded.
You block the water moccasin's attack.
The water moccasin bites you but does no damage.
You closely miss the water moccasin.
The water moccasin is moderately wounded.
The water moccasin barely misses you.
You miss the water moccasin.
The water moccasin is moderately wounded.
The water moccasin bites you.
The water moccasin bites you but does no damage.
You slash the water moccasin!
The water moccasin is severely wounded.
The water moccasin bites you but does no damage.
You block the water moccasin's attack.
You miss the water moccasin.
The water moccasin is severely wounded.
The water moccasin bites you but does no damage.
You block the water moccasin's attack.
You hit the water moccasin but do no damage.
The water moccasin is severely wounded.
The water moccasin bites you.
You are poisoned.
The water moccasin poisons you! The water moccasin bites you.
You are lethally poisoned!
The water moccasin poisons you!
You barely miss the water moccasin.
The water moccasin is severely wounded.
* * * LOW HITPOINT WARNING * * *
You feel extremely sick.
The water moccasin bites you but does no damage.
You closely miss the water moccasin.
The water moccasin is severely wounded.
* * * LOW HITPOINT WARNING * * *
You feel extremely sick.
The water moccasin bites you but does no damage.
The water moccasin bites you!
You die...

#...# #.. ##+# ###
#.###### #......#
#S# #@# ##########
#.#######.........
#.....<...########
###########


You could see a water moccasin.

Vanquished Creatures
  A water moccasin (D:4)
  An ogre (D:4)
  A scorpion (D:5)
  2 jellies
  2 sleepcaps (D:5)
  5 iguanas (D:5)
  An orc wizard (D:4)
  3 gnolls (D:5)
  6 adders
  2 worms
  2 dart slugs
  6 orcs
  12 endoplasms
  6 giant cockroaches
  5 goblins
  8 hobgoblins
  3 jackals (D:1)
  6 kobolds
  A quokka (D:1)
  7 ball pythons
  3 bats
  4 frilled lizards
  7 rats
94 creatures vanquished.

Notes
Turn   | Place    | Note
-------+----------+-------------------------------------------
     0 | D:5      | nono the Formicid Delver began the quest for the Orb.
     0 | D:5      | Reached XP level 1. HP: 18/18 MP: 1/1
     9 | D:4      | Noticed a jelly
     9 | D:4      | Noticed a water moccasin
    42 | D:3      | Found a white marble altar of Elyvilon.
   184 | D:1      | Reached XP level 2. HP: 24/24 MP: 2/2
   255 | D:1      | Reached skill level 1 in Armour
   414 | D:1      | Reached XP level 3. HP: 25/30 MP: 3/3
   482 | D:1      | Found Wuphukh's Magic Scroll Shop.
   531 | D:1      | Bought a scroll of identify for 24 gold pieces
   533 | D:1      | Bought a scroll of identify for 24 gold pieces
   774 | D:2      | Reached XP level 4. HP: 37/37 MP: 4/4
  1865 | D:3      | Reached XP level 5. HP: 40/42 MP: 5/5
  2334 | D:4      | Reached skill level 1 in Shields
  2543 | D:4      | Reached XP level 6. HP: 23/49 MP: 6/6
  2666 | D:5      | Found Bobror's Assorted Antiques.
  2754 | D:4      | Noticed an ogre
  2765 | D:4      | Killed an ogre
  2900 | D:4      | Killed a water moccasin
  2901 | D:4      | Reached skill level 5 in Fighting
  2901 | D:4      | Reached XP level 7. HP: 35/56 MP: 7/7
  3938 | D:5      | Bought a potion of curing for 78 gold pieces
  3938 | D:5      | Bought a scroll of identify for 52 gold pieces
  4138 | D:5      | Found a runed translucent door.
  4138 | D:5      | Noticed a wyvern
  4138 | D:5      | Noticed jt's ghost (weakling VSDe)
  4292 | D:6      | Noticed Edmund
  4464 | D:6      | Noticed a water moccasin
  4481 | D:6      | Slain by a water moccasin

Illustrated notes

Levels and vault maps discovered:
D:1:      mrwooster_arrival_arrow, layout_rooms, serial_shops, shop
D:2:      layout_loops_ring
D:3:      layout_basic, elyvilon_altar_1, gup_sewer_entry_glass,
          minmay_misc_feat_alley
D:4:      layout_rooms
D:5:      layout_rooms, serial_shops, shop, ebering_ghost_inner_flame
D:6:      cheibrodos_barr_body, layout_loops_corners, minmay_temple_entry_glass,
          uniq_edmund

Skill      XL: |  1  2  3  4  5  6  7 |
---------------+----------------------+-----
Armour         | 1 2 3 4 |  4.2
Fighting       | 4 5 |  5.7
Axes           | 3 4 |  4.6
Shields        | 1 3 4 |  4.1
Dodging        | |  1.8
Stealth        | |  6.0

Action                     |  1- 3 |  4- 6 |  7- 9 || total
---------------------------+-------+-------+-------++-------
  Melee: Hand axe          |    89 |   118 |       ||   207
         War axe           |       |    48 |    99 ||   147
  Evoke: Wand              |       |     1 |     1 ||     2
    Use: Scroll            |     4 |     1 |     2 ||     7
         Potion            |       |     3 |       ||     3
   Stab: Sleeping          |     6 |       |       ||     6
 Armour: Leather armour    |    27 |     2 |       ||    29
         Chain mail        |       |    98 |    35 ||   133
  Dodge: Dodged            |    58 |    73 |    35 ||   166
  Block: Buckler           |       |    23 |    17 ||    40

Table legend: (Time is in decaauts)
 A = Elapsed time spent in this place.
 B = Non-inter-level travel time spent in this place.
 C = Inter-level travel time spent in this place.
 D = Time resting spent in this place.
 E = Time spent auto-exploring this place.
 F = Levels seen in this place.
 G = Mean time per level.
                   A        B        C        D        E       F      G
               +--------+--------+--------+--------+--------+-----+--------+
         Total |   4564 |   4410 |    154 |    466 |   2736 |   6 |  760.7 |
       Dungeon |   4564 |   4410 |    154 |    466 |   2736 |   6 |  760.7 |
               +--------+--------+--------+--------+--------+-----+--------+

Top non-repeatable levels by time:
     D:5: 1106 daAuts
     D:3: 1010 daAuts
     D:4: 911 daAuts
     D:2: 821 daAuts
     D:1: 599 daAuts
     D:6: 114 daAuts
